 Dungeon Crawl Stone Soup version 0.31.0-9-g3a7656b989 (webtiles) character file.

Game seed: 7163450661831673588

1411 Killerpretzel the Ducker (level 8, -3/42 HPs)
             Began as a Felid Shapeshifter on Feb 5, 2024.
             Was an Initiate of Gozag.
             Slain by a killer bee (8 damage)
             ... on level 6 of the Dungeon.
             The game lasted 00:16:24 (5589 turns).

Killerpretzel the Ducker (Felid Shapeshifter)       Turns: 5589, Time: 00:16:25

Health: -3/42      AC:  2    Str: 22    XL:     8   Next: 43%
Magic:  9/9        EV: 21    Int: 13    God:    Gozag
Gold:   162        SH:  0    Dex: 19    Spells: 7/7 levels left
                                        Lives:  0   Deaths: 3

rFire   . .          .
                       - Unarmed
rCold   . . .        (shield unavailable)
rNeg    . . .        (body armour unavailable)
rPois   .            (helmet unavailable)
rElec   .            (cloak unavailable)
rCorr   .            (gloves unavailable)
SInv    +            (boots unavailable)
Will    +....        (no amulet)
Stlth   ++           k - +6 ring of strength
HPRegen 0.27/turn    g - +6 ring of strength
MPRegen 0.11/turn

%: no passive effects
@: lethally poisoned (-3 -> -14), beast-form, gold aura
A: beast (slay +3), very small, claws 1, fangs 3, see invisible, shaggy fur 2,
stealthy paws, no weapons or thrown items, no armour, multi-lived, mutation
resistance 1
a: Begin Untransformation, Renounce Religion, Potion Petition, Call Merchant,
Bribe Branch


You were on level 6 of the Dungeon.
You worshipped Gozag.
Gozag was aware of your devotion.
You were a hulking beast.
You visited 2 branches of the dungeon, and saw 7 of its levels.

You collected 248 gold pieces.
You paid 86 gold pieces to Gozag.

Inventory:

Jewellery
 g - a +6 ring of strength (right paw)
 k - a +6 ring of strength (left paw)
 l - a ring of flight
Talismans
 b - a beast talisman
 c - a flux talisman
Scrolls
 e - a scroll of amnesia
 f - a scroll of noise {unknown}
 h - a scroll of teleportation {unknown}
 j - a scroll of vulnerability {unknown}
Potions
 a - a potion of degeneration {unknown}
 d - a potion of brilliance
 i - a potion of attraction {unknown}
 m - a potion of curing
 n - 2 potions of resistance {unknown}
 o - a potion of magic {unknown}


   Skills:
 + Level 4.6 Fighting
 + Level 6.6 Dodging
 + Level 5.4 Unarmed Combat
 * Level 6.1 Shapeshifting


You had 7 spell levels left.
You didn't know any spells.
Your spell library contained the following spells:

 Spells                   Type           Power      Damage    Failure   Level
 Magic Dart               Conj           0%         1d3       30%         1
 Searing Ray              Conj           0%         2d4       43%         2
 Fulminant Prism          Conj/Alch      0%         3d5       97%         4


Dungeon Overview and Level Annotations

Branches:
Dungeon (6/15)             Temple (1/1) D:6

Altars:
Ashenzari
Cheibriados
Dithmenos
Elyvilon
Fedhas
Gozag
Kikubaaqudgha
Makhleb
Nemelex Xobeh
Okawaru
Qazlal
Ru
Sif Muna
Trog
Uskayaw
Vehumet
Wu Jian
Xom
Zin
The Shining One

Shops:
D:1 [


Innate Abilities, Weirdness & Mutations

You are a hulking beast.
Your limbs bulge with bestial killing power. (Slay +3)
You have sharp claws.
You have razor-sharp teeth.
You have supernaturally acute eyesight. (SInv)
You are covered in thick fur. (AC +2)
Your paws help you pounce on unaware monsters.
You are incapable of wielding weapons or throwing items.
You cannot wear armour.
You gain extra lives every three experience levels.
You are somewhat resistant to further mutation.


Message History

You are poisoned.
The killer bee poisons you! The killer bee closely misses you.
The killer bee barely misses you. The killer bee stings you.
There are monsters nearby!
You completely miss the killer bee.
The killer bee is severely wounded.
You feel sick. The killer bee stings you. The killer bee misses you.
The killer bee is distracted by your dazzling golden aura.
The killer bee misses you. The killer bee barely misses you.
The killer bee closely misses you. The killer bee completely misses you.
The killer bee buzzes angrily.
There are monsters nearby!
You are too injured to fight recklessly!
There are monsters nearby!
You are too injured to fight recklessly!
There are monsters nearby!
You are too injured to fight recklessly!
There are monsters nearby!
You are too injured to fight recklessly!
There are monsters nearby!
You are too injured to fight recklessly!
There are monsters nearby!
You are too injured to fight recklessly!
There are monsters nearby!
You scratch the killer bee.
The killer bee is no longer distracted by gold.
Your claw misses the killer bee. You bite the killer bee.
You kill the killer bee!
You feel sick. The killer bee misses you. x2
The killer bee barely misses you. The killer bee closely misses you.
The killer bee stings you!
* * * LOW HITPOINT WARNING * * *
You are lethally poisoned!
The killer bee poisons you!
* * * LOW HITPOINT WARNING * * *
You feel very sick. The killer bee completely misses you.
The killer bee closely misses you. The killer bee stings you!
You die...
Your body crumbles into a pile of gold.

..#.........)........
..#.................. ####
..'.................. ...#
..#..................###### ....#
###...........########....##....#
..............#.................#
...#####......#.................#
...# #......'yy.........$.....#
...# #......#.h.........#######
...# #......#$y.........#......
...# #......#.....##..y.+......
...# #......#.....##.yy.#......
########......#...^.##.$y.#......
..#...........#...........#......
..#...........#....#.8.#..#......
..#...........#...........#......
###.......รทรท..#+###8.>.8..#......


You could see 3 killer bees.

Vanquished Creatures
  Eustachio (D:4)
  2 black bears
  A phantom (D:4)
  Blork the orc (D:4)
  5 scorpions
  3 killer bees (D:6)
  3 hounds
  2 orc priests (D:4)
  3 iguanas
  3 orc wizards
  4 gnolls (D:4)
  8 adders
  A white imp (D:4)
  2 ufetubi (D:5)
  2 ribbon worms
  3 dart slugs
  16 orcs
  7 ball pythons
  5 bats
  4 endoplasms
  2 giant cockroaches (D:1)
  7 goblins
  6 hobgoblins
  4 quokkas
  2 frilled lizards
  2 kobolds (D:2)
  6 rats
105 creatures vanquished.

Notes
Turn   | Place    | Note
-------+----------+-------------------------------------------
     0 | D:1      | Killerpretzel the Felid Shapeshifter began the quest for
                  | the Orb.
     0 | D:1      | Reached XP level 1. HP: 10/10 MP: 2/2
   184 | D:1      | Found Bazel's Armour Boutique.
   189 | D:1      | You fall into a shaft and drop 1 floor!
   195 | D:2      | Reached XP level 2. HP: 14/14 MP: 3/3
   755 | D:1      | Reached XP level 3. HP: 18/18 MP: 4/4
  1847 | D:3      | Reached XP level 4. HP: 17/23 MP: 5/5
  1847 | D:3      | Gained a life (2 lives remaining)
  2714 | D:4      | Noticed Blork the orc
  2714 | D:4      | Noticed a phantom
  3108 | D:4      | Killed a phantom
  3109 | D:4      | Reached XP level 5. HP: 20/27 MP: 6/6
  3534 | D:4      | Gained mutation: You are covered in thick fur. (AC +2)
                  | [Felid growth]
  3534 | D:4      | Reached XP level 6. HP: 29/32 MP: 7/7
  3605 | D:4      | Slain by a gnoll
  3605 | D:4      | Lost a life (1 life remaining)
  3630 | D:4      | Killed Blork the orc
  3652 | D:4      | Slain by a gnoll
  3652 | D:4      | Lost a life (0 lives remaining)
  3653 | D:4      | Gained mutation: You are somewhat resistant to further
                  | mutation. [potion of mutation]
  3764 | D:4      | Noticed Eustachio
  3795 | D:4      | Killed Eustachio
  3796 | D:4      | Reached skill level 5 in Dodging
  3796 | D:4      | Reached XP level 7. HP: 17/36 MP: 8/8
  3796 | D:4      | Gained a life (1 life remaining)
  4001 | D:5      | Entered Level 5 of the Dungeon
  4035 | D:4      | Reached skill level 5 in Shapeshifting
  4800 | D:5      | Reached skill level 5 in Unarmed Combat
  4841 | D:5      | Reached XP level 8. HP: 42/42 MP: 9/9
  5444 | D:6      | Found a staircase to the Ecumenical Temple.
  5475 | Temple   | Entered the Ecumenical Temple
  5514 | Temple   | Became a worshipper of Gozag Ym Sagoz the Greedy
  5574 | D:6      | Slain by a killer bee
  5574 | D:6      | Lost a life (0 lives remaining)
  5589 | D:6      | Slain by a killer bee

Illustrated notes

Levels and vault maps discovered:
D:1:      ncdulo_smallfort, layout_loops_cross, serial_shops,
          nicolae_shop_gibbet_a_chance, dk_noncrumbling_2, roderic_roman_lattice
D:2:      layout_loops_ring
D:3:      layout_loops_ring
D:4:      layout_gridville, uniq_blork_the_orc, uniq_eustachio
D:5:      layout_loops_corners
D:6:      lemuel_ratsnest, layout_gridville,
          minmay_temple_entry_statues_pillars, serial_shops, shop,
          nicolae_twisty_statue_hallways, uniq_menkaure
Temple:   mainiacjoe_temple_big_plus

Skill      XL: |  1  2  3  4  5  6  7  8 |
---------------+-------------------------+-----
Dodging        | 3 4 5 6 |  6.6
Shapeshifting  | 3 4 5 6 |  6.1
Fighting       | 2 3 4 |  4.6
Unarmed Combat | 4 5 |  5.4

Action                     |  1- 3 |  4- 6 |  7- 9 || total
---------------------------+-------+-------+-------++-------
  Melee: Unarmed           |   101 |   129 |   108 ||   338
         Bite              |    13 |    15 |    11 ||    39
         Punch             |     1 |     4 |     5 ||    10
    Use: Scroll            |     3 |     4 |     1 ||     8
         Potion            |       |     7 |       ||     7
   Stab: Sleeping          |     6 |     3 |       ||     9
         Invisible         |       |     2 |       ||     2
         Distracted        |       |       |     1 ||     1
 Armour: Skin              |    28 |    59 |    43 ||   130
  Dodge: Dodged            |    83 |   131 |   147 ||   361
